 Dungeon Crawl Stone Soup version 0.27-a0-760-gc38aae387d (webtiles) character file.

Game seed: 1427340401641145027

3 polve the Skirmisher (level 1, -3/18 HPs)
             Began as a Demonspawn Abyssal Knight on Mar 24, 2021.
             Was an Initiate of Lugonu.
             Killed by Freeze
             ... generated by an endoplasm
              (5 damage)
             ... on level 1 of the Dungeon.
             The game lasted 00:00:20 (216 turns).

polve the Skirmisher (Demonspawn Abyssal Knight)     Turns: 216, Time: 00:00:21

Health: -3/18      AC:  6    Str: 12    XL:     1   Next: 41%
Magic:  2/2        EV: 11    Int: 13    God:    Lugonu [......]
Gold:   0          SH:  0    Dex: 12    Spells: 0/0 levels left

rFire    . . .     SeeInvis .   a - +1 falchion
rCold    . . .     Faith    .   (no shield)
rNeg     . . .     Spirit   .   b - +0 leather armour
rPois    .         Reflect  .   (no helmet)
rElec    .         Harm     .   c - +2 cloak
rCorr    .         Rampage  .   (no gloves)
Will     .....                  (no boots)
Stlth    +.........             (no amulet)
HPRegen  0.06/turn              (no ring)
MPRegen  0.08/turn              (no ring)

@: no status effects
A: [low mp 2]
a: Renounce Religion


You were on level 1 of the Dungeon.
You worshipped Lugonu.
Lugonu was noncommittal.
You visited 1 branch of the dungeon, and saw 1 of its levels.
You visited the Abyss 1 time.

Inventory:

Hand Weapons
 a - a +1 falchion (weapon)
Armour
 b - a +0 leather armour (worn)
 c - a +2 cloak (worn)
Scrolls
 d - a scroll of immolation {unknown}


   Skills:
 - Level 3.0 Fighting
 + Level 2.1 Long Blades
 - Level 1.7 Armour
 - Level 0.8 Dodging
 - Level 2.4 Invocations


You couldn't memorise any spells.
You didn't know any spells.
Your spell library was empty.

Dungeon Overview and Level Annotations

Branches:
Dungeon (1/15)

Altars:


Innate Abilities, Weirdness & Mutations

[Your magical capacity is very low. (-20% MP)]


Message History

No target in view!
A ball python comes into view.
A ball python is nearby!
A ball python is nearby!
An endoplasm comes into view.
The endoplasm quivers.
Found a ring mail.
You hit the ball python.
You kill the ball python!
Lugonu accepts your kill.
You barely miss the endoplasm. The endoplasm freezes you.
You are frozen.
The endoplasm hits you.
You are too injured to fight recklessly!
You are too injured to fight recklessly!
You are too injured to fight recklessly!
You are too injured to fight recklessly!
You are too injured to fight recklessly!
You are too injured to fight recklessly!
You are too injured to fight recklessly!
You are too injured to fight recklessly!
You are too injured to fight recklessly!
An endoplasm is nearby!
An endoplasm is nearby!
An endoplasm is nearby!
An endoplasm is nearby!
Your leather armour prevents you from hitting the endoplasm.
The endoplasm freezes you.
You are frozen.
You hit the endoplasm but do no damage. The endoplasm misses you.
You riposte.
You barely miss the endoplasm. You hit the endoplasm but do no damage.
The endoplasm freezes you.
You are frozen.
* * * LOW HITPOINT WARNING * * *
You hit the endoplasm.
The endoplasm is lightly wounded.
The endoplasm freezes you.
You are frozen.
You die...

#......#
###......#
#........#
#
#.....####
.. #.....##
...
#...+..##
....
#..#+#..##
...[. #..#
##..#......
#..#
##@J......
#.#
##.......
.# #......
......
..... .####
#


You could see an endoplasm.

Vanquished Creatures
  An endoplasm (D:1)
  A giant cockroach (D:1)
  A ball python (D:1)
3 creatures vanquished.

Notes
Turn   | Place    | Note
-------+----------+-------------------------------------------
     0 | Abyss:1  | polve the Demonspawn Abyssal Knight began the quest for the
                  | Orb.
     0 | Abyss:1  | Reached XP level 1. HP: 18/18 MP: 2/2
    18 | Abyss:1  | Found a corrupted altar of Lugonu.
    58 | Abyss:1  | Found a corrupted altar of Lugonu.
    81 | Abyss:1  | Found a corrupted altar of Lugonu.
   131 | Abyss:2  | Noticed a wretched star
   145 | D:1      | Escaped the Abyss
   216 | D:1      | Killed from afar by an endoplasm

Illustrated notes

Levels and vault maps discovered:
D:1:      lightli_arrival_statue_moat, layout_basic, grunt_decor_arrowhead

Skill      XL: |  1 |
---------------+----+-----
Long Blades    | 2 |  2.1
Fighting       | |  3.0
Armour         | |  1.7
Dodging        | |  0.8
Invocations    | |  2.4

Action                   || total
-------------------------++-------
Melee: Falchion          ||     9
Invok: Depart the Abyss  ||     1
Dodge: Dodged            ||     4
       Rpst.: Falchion   ||     2

Table legend: (Time is in decaauts)
 A = Elapsed time spent in this place.
 B = Non-inter-level travel time spent in this place.
 C = Inter-level travel time spent in this place.
 D = Time resting spent in this place.
 E = Time spent auto-exploring this place.
 F = Levels seen in this place.
 G = Mean time per level.
                   A        B        C        D        E       F      G
               +--------+--------+--------+--------+--------+-----+--------+
         Total |    217 |    217 |      0 |      0 |    170 |   3 |   72.3 |
       Dungeon |     72 |     72 |      0 |      0 |     47 |   1 |   72.0 |
         Abyss |    144 |    144 |      0 |      0 |    123 |   2 |   72.0 |
               +--------+--------+--------+--------+--------+-----+--------+

Top non-repeatable levels by time:
 Abyss:1: 102 daAuts
     D:1: 72 daAuts
 Abyss:2: 42 daAuts
